Map: New Gettysburg LE

Players

Gracz - Winner!

  • Race: Zerg Zerg
  • League: Silver

Turbox

  • Race: Terran Terran
  • League: Bronze

VOD

Have the link to the VOD?

Description

Time

  • Played on: Oct. 2, 2016, 4:52 a.m.
  • Length: 7:55
Show
View Real Time Build Order
Export as new Build Order

Gracz Zerg - Winner!

Build Orders: Pool First 

Get SALT Encoding   

  12  0:02  Drone  
  13  0:18  Drone  
  13  0:21  Overlord  
  14  0:40  Spawning Pool  
  13  0:56  Drone  
  13  0:57  Drone  
  15  1:10  Hatchery  
  14  1:19  Drone x2  
  16  1:28  Zergling x2  
  17  1:36  Extractor  
  16  1:40  Zergling x2  
  16  1:45  Overlord  
  17  2:02  Zergling x2  
  17  2:06  Queen  
  20  2:13  Zergling x2  
  21  2:38  Zergling x2  
  21  2:39  Zergling x8  
  26  3:01  Queen  
  26  3:02  Zergling x2  
  26  3:03  Zergling x6  
  30  4:36  Zergling x2  
  30  4:37  Zergling x10  
  36  4:53  Roach Warren  
  36  4:55  Overlord x2  
  31  5:47  Roach  
  31  5:48  Roach x9  
  50  5:56  Overlord  
  50  5:57  Overlord  
  50  5:59  Drone  
  50  6:35  Lair  
Show
View Real Time Build Order
Export as new Build Order

Turbox Terran 

Build Orders:  

Get SALT Encoding   

  12  0:02  SCV  
  13  0:18  SCV  
  13  0:19  Supply Depot  
  14  0:48  Barracks  
  14  0:51  SCV  
  14  0:54  Refinery  
  15  1:03  SCV  
  15  1:04  Engineering Bay  
  16  1:15  SCV  
  17  1:27  SCV  
  18  1:39  SCV  
  19  1:49  Barracks Reactor  
  19  1:51  SCV  
  20  2:00  Refinery  
  20  2:03  SCV  
  21  2:16  SCV  
  21  2:28  SCV  
  22  2:34  Marine  
  23  2:49  Factory  
  23  2:54  Supply Depot  
  23  3:16  SCV  
  22  3:21  Marine x2  
  24  3:28  SCV  
  24  3:40  SCV  
  25  3:52  SCV  
  22  4:23  Barracks  
  22  5:24  Marine x2  
  22  5:27  SCV  
  25  5:39  SCV  
  26  5:51  SCV  
  27  6:03  SCV  
  28  6:09  Marine x2  
  30  6:16  Supply Depot  
  30  6:17  Orbital Command  
  30  6:25  Factory Tech Lab  
  30  6:35  Starport  
  30  6:47  Siege Tank  
  33  6:56  Marine x2  
  29  7:23  Supply Depot  
Tags
 
Add a new tag
Caveats
  • Supply blocks, unpowered buildings, or Contaminate may cause inaccurate times.
  • Supply counts are checked every 10 seconds.